 Dungeon Crawl Stone Soup version 0.28-a0-245-g639a1a48b9 (webtiles) character file.

Game seed: 5207194702523265873

102 Ballisk the Slasher (level 4, -5/43 (44) HPs)
             Began as a Troll Berserker on Aug 24, 2021.
             Was a Believer of Trog.
             Slain by Crazy Yiuf (8 damage)
             ... on level 2 of the Dungeon.
             The game lasted 00:03:50 (2115 turns).

Ballisk the Slasher (Troll Berserker)               Turns: 2115, Time: 00:03:51

HP:   -5/43 (44)    AC:  4    Str: 26    XL:     4   Next: 50%
MP:   2/3           EV: 10    Int:  3    God:    Trog [**....]
Gold: 112           SH:  0    Dex:  9    Spells: 3/3 levels left

rFire   + . .      SeeInvis .   a - +0 falchion
rCold   . . .      Faith    .   (no shield)
rNeg    . . .      Spirit   .   o - +0 robe {rF+}
rPois   .          Reflect  .   (helmet restricted)
rElec   .          Harm     .   (no cloak)
rCorr   .          Rampage  .   (gloves unavailable)
Will    .....                   (boots unavailable)
Stlth   +.........              (no amulet)
HPRegen 1.14/turn               (no ring)
MPRegen 0.08/turn               (no ring)

@: confused, lightly drained
A: large, unfitting armour, claws 3, regeneration 1, shaggy fur 1, tough skin 1
a: Renounce Religion, Berserk, Trog's Hand


You were on level 2 of the Dungeon.
You worshipped Trog.
Trog was pleased with you.
You visited 1 branch of the dungeon, and saw 2 of its levels.

You collected 112 gold pieces.

Inventory:

Hand Weapons
 a - a +0 falchion (weapon)
 i - a +0 dagger of venom
 l - a +0 dagger of electrocution
Missiles
 j - 43 arrows
 k - 38 stones (quivered)
Armour
 b - a +0 animal skin
 o - a +0 robe of fire resistance (worn)
Jewellery
 d - a ring of flight
 h - a ring of resist corrosion
Scrolls
 c - 2 scrolls of teleportation {unknown}
 e - a scroll of identify {unknown}
 f - a scroll of vulnerability {unknown}
 g - a scroll of noise {unknown}
Potions
 m - a potion of invisibility {unknown}
 n - a potion of cancellation {unknown}


   Skills:
 + Level 2.8 Fighting
 + Level 3.3 Long Blades
 + Level 3.2 Dodging
 + Level 0.4 Stealth


You had 3 spell levels left.
You didn't know any spells.
Your spell library was empty.

Dungeon Overview and Level Annotations

Branches:
Dungeon (2/15)

Altars:

Annotations:
D:2 Crazy Yiuf


Innate Abilities, Weirdness & Mutations

You are too large for most types of armour.
You have claws for hands.
Your natural rate of healing is unusually fast.
You are covered in fur. (AC +1)
You have tough skin. (AC +1)


Message History

Crazy Yiuf hits you with a +3 quarterstaff of chaos.
You feel your power leaking away.
You barely miss Crazy Yiuf.
Crazy Yiuf is moderately wounded.
Crazy Yiuf screams, "Tonal!
Line King seventy."
Crazy Yiuf hits you with a +3 quarterstaff of chaos.
You hit Crazy Yiuf.
Crazy Yiuf is moderately wounded.
Crazy Yiuf hits you with a +3 quarterstaff of chaos!
Crazy Yiuf freezes you.
You hit Crazy Yiuf.
Crazy Yiuf is heavily wounded.
Crazy Yiuf barely misses you.
You riposte.
You hit Crazy Yiuf.
Crazy Yiuf is heavily wounded.
You barely miss Crazy Yiuf.
Crazy Yiuf is heavily wounded.
Crazy Yiuf barely misses you.
You hit Crazy Yiuf.
Crazy Yiuf is severely wounded.
Crazy Yiuf says, "Shadow leg ladder!"
Crazy Yiuf hits you with a +3 quarterstaff of chaos.
You are confused.
Crazy Yiuf completely misses you.
You are too confused!
You bump into the tree.
Crazy Yiuf screams, "You meccalolo noodlescoop!"
Crazy Yiuf closely misses you.
You hit Crazy Yiuf.
Crazy Yiuf is severely wounded.
Crazy Yiuf hits you with a +3 quarterstaff of chaos.
* * * LOW HITPOINT WARNING * * *
You are too confused!
You bump into the stone wall.
Crazy Yiuf hits you with a +3 quarterstaff of chaos!
* * * LOW HITPOINT WARNING * * *
You feel drained.
* * * LOW HITPOINT WARNING * * *
You bump into the tree.
Crazy Yiuf hits you with a +3 quarterstaff of chaos!
You die...

........######....######.#....###
..........# #....# #.#....#
.#......#.# ♣.P.P♣ #.######
.#........# ♣...♣♣ #.########
.#....###.## ♣♣.♣♣ #.........
##.##.###..# ♣.♣♣ ##########
##.##......# ♣♣.♣ #.######
.#.##..##..# ♣.♣♣ #.......
.#.##..##.## ♣♣@♣ #.###.##
.#.#...##.## #g# #.##....
.#.#.#.....# ... #.##..##
.#(#.#....## #...# #.##..#
...#.......# #..)# #.....#
....<#.##### ##### #########.#
##.........# #.........#
...........###########...########
#####......................##....


You could see Crazy Yiuf.

Vanquished Creatures
  Jessica (D:2)
  3 adders (D:2)
  2 dart slugs (D:1)
  3 bats (D:1)
  3 endoplasms
  2 giant cockroaches
  4 goblins
  5 hobgoblins
  4 jackals (D:1)
  3 kobolds (D:1)
  2 quokkas
  4 ball pythons
  A frilled lizard (D:2)
  7 rats
44 creatures vanquished.

Notes
Turn   | Place    | Note
-------+----------+-------------------------------------------
     0 | D:1      | Ballisk the Troll Berserker began the quest for the Orb.
     0 | D:1      | Reached XP level 1. HP: 22/22 MP: 0/0
    58 | D:1      | Reached XP level 2. HP: 29/29 MP: 1/1
   624 | D:1      | Reached XP level 3. HP: 32/36 MP: 2/2
   635 | D:1      | Reached ** piety under Trog
  1508 | D:2      | Found a runed translucent door.
  1509 | D:2      | Noticed Crazy Yiuf
  1542 | D:2      | Noticed Jessica
  1560 | D:2      | Killed Jessica
  1561 | D:2      | Reached XP level 4. HP: 43/44 MP: 3/3
  2114 | D:2      | HP: 2/43 [Crazy Yiuf (1)]
  2115 | D:2      | Slain by Crazy Yiuf

Illustrated notes

Levels and vault maps discovered:
D:1:      dpeg_arrival_circle_labyrinth_a, layout_loops_corners,
          minmay_nonomino_d4
D:2:      layout_basic, uniq_jessica, uniq_crazy_yiuf_cottage

Skill      XL: |  1  2  3 |
---------------+----------+-----
Dodging        | 3 |  3.2
Long Blades    | 3 |  3.3
Fighting       | |  2.8
Stealth        | |  0.4

Action                   |  1- 3 |  4- 6 || total
-------------------------+-------+-------++-------
Melee: Falchion          |   103 |    48 ||   151
 Stab: Sleeping          |     1 |       ||     1
Armor: Animal skin       |    52 |       ||    52
       Robe              |       |    15 ||    15
Dodge: Dodged            |    55 |    25 ||    80
       Rpst.: Falchion   |    17 |     7 ||    24

Table legend: (Time is in decaauts)
 A = Elapsed time spent in this place.
 B = Non-inter-level travel time spent in this place.
 C = Inter-level travel time spent in this place.
 D = Time resting spent in this place.
 E = Time spent auto-exploring this place.
 F = Levels seen in this place.
 G = Mean time per level.
                   A        B        C        D        E       F      G
               +--------+--------+--------+--------+--------+-----+--------+
         Total |   2137 |   2137 |      0 |     12 |   1458 |   2 | 1068.5 |
       Dungeon |   2137 |   2137 |      0 |     12 |   1458 |   2 | 1068.5 |
               +--------+--------+--------+--------+--------+-----+--------+

Top non-repeatable levels by time:
     D:1: 1276 daAuts
     D:2: 860 daAuts
